 Dungeon Crawl Stone Soup version 0.24.0-123-gd5b16e6ec5 (webtiles) character file.

Game seed: 3015275085254022921, levelgen mode: deterministic

15668 CrazyMind the Grappler (level 12, -1/163 (165) HPs)
             Began as a Troll Berserker on Jan 21, 2020.
             Was an Elder of Trog.
             Slain by a freezing wraith (7 damage)
             ... led by a death knight
             ... on level 12 of the Dungeon on Jan 24, 2020.
             The game lasted 01:01:53 (11068 turns).

CrazyMind the Grappler (Troll Berserker)           Turns: 11068, Time: 01:01:54

HP:   -1/163 (165)  AC: 11    Str: 33    XL:     12   Next: 3%
MP:   11/11         EV: 12    Int:  5    God:    Trog [****..]
Gold: 896           SH:  0    Dex: 11    Spells: 11/11 levels left

rFire    . . .     SeeInvis .     - Unarmed
rCold    . . .     Gourm    +   (no shield)
rNeg     + . .     Faith    .   K - +2 troll leather armour {Snorg}
rPois    .         Spirit   .   (helmet restricted)
rElec    .         Reflect  .   L - +0 cloak
rCorr    .         Harm     .   (gloves unavailable)
MR       +++..                  (boots unavailable)
Stlth    ..........             H - amulet of magic regeneration
HPRegen  2.17/turn              e - ring of protection from magic
MPRegen  0.37/turn              N - ring of positive energy

@: berserking, regenerating, very quick
A: large, unfitting armour, claws 3, fast metabolism 3, gourmand, regeneration
1, shaggy fur 1, tough skin 3
a: Berserk, Trog's Hand, Brothers in Arms, Renounce Religion


You were on level 12 of the Dungeon.
You worshipped Trog.
Trog was greatly pleased with you.
You were not hungry.

You visited 2 branches of the dungeon, and saw 13 of its levels.
You also visited: Ossuary.

You collected 1043 gold pieces.
You spent 147 gold pieces at shops.

Inventory:

Hand Weapons
 j - a +0 whip
 r - a +4 flail
 w - a +0 giant spiked club
Missiles
 d - 246 stones
 g - a throwing net
 u - 65 sling bullets
 C - 6 large rocks (quivered)
 I - a javelin
Armour
 a - a +0 shield
 K - a +2 troll leather armour (worn) {Snorg}
 L - a +0 cloak (worn)
Jewellery
 e - a ring of protection from magic (left claw)
 H - an amulet of magic regeneration (around neck)
 N - a ring of positive energy (right claw)
Wands
 h - a wand of flame (43)
 s - a wand of enslavement (7)
 z - a wand of paralysis (11)
 F - a wand of polymorph (6)
 O - a wand of iceblast (7)
Scrolls
 f - 2 scrolls of enchant weapon {unknown}
 k - 9 scrolls of remove curse
 l - 5 scrolls of identify
 m - 5 scrolls of teleportation
 p - a scroll of noise {unknown}
 x - a scroll of enchant armour {unknown}
 y - a scroll of magic mapping
 D - a scroll of random uselessness {unknown}
 P - 3 scrolls of blinking
Potions
 c - a potion of lignification
 i - 4 potions of berserk rage {unknown}
 n - 2 potions of brilliance {unknown}
 o - 2 potions of flight {unknown}
 q - 3 potions of curing
 t - a potion of invisibility {unknown}
 v - 5 potions of degeneration {unknown}
 B - a potion of heal wounds {unknown}
 G - a potion of magic {unknown}
Miscellaneous
 J - a phial of floods
 M - a fan of gales
Comestibles
 b - 28 rations


   Skills:
 + Level 4.9 Fighting
 + Level 10.6 Throwing
 + Level 3.1 Armour
 + Level 6.1 Dodging
 * Level 3.4 Shields
 + Level 12.3 Unarmed Combat
 + Level 0.2 Evocations


You had 11 spell levels left.
You didn't know any spells.
Your spell library was empty.

Dungeon Overview and Level Annotations

Branches:
Dungeon (12/15)            Temple (1/1) D:5            Lair (0/6) D:10
    Orc (0/2) D:9         Ossuary (visited)

Altars:
Ashenzari
Cheibriados
Dithmenos
Elyvilon
Fedhas
Gozag
Hepliaklqana
Kikubaaqudgha
Makhleb
Nemelex Xobeh
Okawaru
Qazlal
Ru
Sif Muna
Trog
Uskayaw
Vehumet
Wu Jian
Xom
Yredelemnul
Zin
The Shining One

Shops:
D:5 }   D:7 *

Portals:
Trove: D:11 (give horn of Geryon)

Annotations:
D:6 3 runed translucent doors, Curus's ghost, novice MiAK


Innate Abilities, Weirdness & Mutations

You are too large for most types of armour.
You have claws for hands.
Your metabolism is lightning-fast.
You like to eat raw meat.
Your natural rate of healing is unusually fast.
You are covered in fur. (AC +1)
You have extremely tough skin. (AC +3)


Message History

The skeletal warrior hits you but does no damage.
The freezing wraith closely misses you. x2
You mangle the wraith!!
You destroy the wraith!
Trog accepts your kill.
You mangle the skeletal warrior!! You claw the skeletal warrior!!
The skeletal warrior is almost destroyed.
The skeletal warrior barely misses you. The freezing wraith hits you.
* * * LOW HITPOINT WARNING * * *
The freezing wraith freezes you!
* * * LOW HITPOINT WARNING * * *
The freezing wraith barely misses you.
You scratch the skeletal warrior but do no damage.
The skeletal warrior is almost destroyed.
You barely miss the skeletal warrior.
The skeletal warrior is almost destroyed.
The skeletal warrior hits you with a +0 short sword!
* * * LOW HITPOINT WARNING * * *
The freezing wraith hits you!
You die...

*,,,,,,,,* *,,,,,,,,*****
*#####* *,,,,,,,,,,,,*
*....,* *,,,,,,,,,**,*
*...#,#
****+*+**,**,####.#!#.#
*,*,**,,,,#........#*
*,*,**,*,,#.†.......*
*,*,***,,,#<†.......*
*,*,,,*,,*##@z......*
*,,,*.......†W......*
*******,*.....##........*
,,,,,,,,,...>,*#?.......*
****,,,,,#..,,,#..(.....*
**≈***,#.,,,,......[..*
**≈≈≈**,#,,,,,......(..*
**≈≈≈≈≈*,*,,*,*..#######*
*≈≈≈≈≈≈≈,*,,,,,,,*


You could see a skeletal warrior and a freezing wraith.

Vanquished Creatures
  A death knight (D:12)
  3 two-headed ogres
  A tengu warrior (D:11)
  4 skeletal warriors (D:11)
  2 ugly things
  A guardian mummy (D:11)
  A troll (D:11)
  3 hippogriffs
  Sigmund (D:5)
  2 wraiths
  A human (D:7)
  4 hogs (D:7)
  7 yaks
  A basilisk (D:11)
  Duvessa (D:7)
  A swamp drake (D:9)
  8 orc warriors
  A porcupine (D:10)
  2 ice beasts (D:10)
  A black bear (D:8)
  A sky beast (D:10)
  2 eyes of draining (D:4)
  6 ogres
  3 phantoms
  10 centaurs
  5 bullfrogs
  Dowan (D:7)
  2 scorpions
  A water moccasin zombie (D:10)
  A water moccasin skeleton (D:5)
  11 killer bees
  7 wights
  2 howler monkeys
  3 crimson imps
  A centaur zombie (D:5)
  5 hounds
  2 jellies
  A bullfrog zombie (D:10)
  3 orc priests
  9 orc wizards
  A bullfrog skeleton (D:10)
  3 centaur skeletons
  3 iguanas
  5 worker ants
  2 big kobold zombies (Ossuary)
  2 hound zombies
  A hound skeleton (D:5)
  2 mummies (Ossuary)
  3 howler monkey zombies
  3 gnolls
  A worker ant zombie (D:8)
  5 adders
  A shadow imp (D:9)
  2 adder skeletons
  A dart slug (D:2)
  5 leopard geckos
  33 orcs
  A bat (D:2)
  3 giant cockroaches
  4 gnoll zombies (Ossuary)
  14 hobgoblins
  3 jackals (D:5)
  4 quokkas
  2 ball pythons
  A ball python zombie (D:5)
  4 frilled lizards
  5 goblins
  A goblin zombie (Ossuary)
  6 hobgoblin zombies (Ossuary)
  A jackal skeleton (D:9)
  9 kobolds
  An orc zombie (Ossuary)
  8 rats
262 creatures vanquished.

Vanquished Creatures (collateral kills)
  Snorg (D:10)
  A yak (D:12)
2 creatures vanquished.

Vanquished Creatures (others)
  A fungus (D:10)
  A plant (D:10)
2 creatures vanquished.

Grand Total: 266 creatures vanquished

Notes
Turn   | Place    | Note
-------+----------+-------------------------------------------
     0 | D:1      | CrazyMind the Troll Berserker began the quest for the Orb.
     0 | D:1      | Reached XP level 1. HP: 22/22 MP: 0/0
   294 | D:1      | Reached XP level 2. HP: 29/29 MP: 1/1
  1094 | D:2      | Reached XP level 3. HP: 35/36 MP: 2/2
  1146 | D:2      | Reached ** piety under Trog
  1179 | D:2      | Reached skill level 1 in Throwing
  1280 | D:2      | Reached XP level 4. HP: 44/44 MP: 3/3
  1491 | D:3      | Found a blossoming altar of Fedhas.
  1885 | D:3      | Found a white marble altar of Elyvilon.
  1982 | D:3      | Found a snail-covered altar of Cheibriados.
  1987 | D:3      | Found a shadowy altar of Dithmenos.
  1988 | D:3      | Found an ancient bone altar of Kikubaaqudgha.
  1991 | D:3      | Found a bloodstained altar of Trog.
  2047 | D:3      | Reached skill level 4 in Unarmed Combat
  2401 | D:4      | Reached XP level 5. HP: 52/52 MP: 4/4
  2517 | D:4      | Noticed an ogre
  2527 | D:4      | Killed an ogre
  2527 | D:4      | Reached XP level 6. HP: 57/59 MP: 5/5
  2720 | D:4      | Reached skill level 5 in Unarmed Combat
  2755 | D:4      | Found a bloodstained altar of Trog.
  3160 | D:4      | Reached XP level 7. HP: 46/67 MP: 6/6
  3442 | D:5      | Entered Level 5 of the Dungeon
  3561 | D:5      | Reached *** piety under Trog
  3561 | D:5      | Reached skill level 6 in Unarmed Combat
  3569 | D:5      | Found Ipoes's Gadget Emporium.
  3828 | D:5      | Noticed Sigmund
  3843 | D:5      | Killed Sigmund
  4117 | D:5      | Found a staircase to the Ecumenical Temple.
  4128 | Temple   | Entered the Ecumenical Temple
  4369 | D:6      | Found a runed translucent gate.
  4371 | D:6      | Found a runed translucent gate.
  4371 | D:6      | Found a runed translucent gate.
  4372 | D:6      | Noticed Curus's ghost (novice MiAK)
  4401 | D:6      | Reached skill level 5 in Throwing
  4401 | D:6      | Reached XP level 8. HP: 59/75 MP: 7/7
  4457 | D:6      | Reached skill level 7 in Unarmed Combat
  4916 | D:7      | Reached skill level 8 in Unarmed Combat
  4949 | D:7      | Found a sand-covered staircase.
  4955 | Ossuary  | Entered an ossuary
  5106 | Ossuary  | Reached **** piety under Trog
  5228 | D:7      | Found Oviludei's General Store.
  5246 | D:7      | Bought a scroll of teleportation for 30 gold pieces
  5275 | D:7      | Reached XP level 9. HP: 42/83 MP: 8/8
  5288 | D:7      | Found a radiant altar of Vehumet.
  5300 | D:7      | Found an opulent altar of Gozag.
  5608 | D:7      | Noticed Duvessa
  5612 | D:7      | Noticed Dowan
  5733 | D:7      | Killed Duvessa
  5735 | D:7      | Killed Dowan
  5876 | D:7      | Reached skill level 9 in Unarmed Combat
  6498 | D:8      | Reached skill level 5 in Dodging
  6770 | D:8      | Received a gift from Trog
  6770 | D:8      | Reached skill level 10 in Unarmed Combat
  6810 | D:8      | Found a shimmering altar of Xom.
  6811 | D:8      | Found a hazy altar of Hepliaklqana.
  6812 | D:8      | Noticed a spectral ugly thing
  6831 | D:8      | Reached XP level 10. HP: 92/92 MP: 9/9
  7374 | D:9      | Noticed a two-headed ogre
  7384 | D:9      | Killed a two-headed ogre
  7828 | D:5      | Bought a wand of polymorph (7) for 117 gold pieces
  8137 | D:9      | Reached ***** piety under Trog
  8320 | D:9      | Found a staircase to the Orcish Mines.
  8652 | D:10     | Entered Level 10 of the Dungeon
  8748 | D:10     | Received a gift from Trog
  8935 | D:10     | Reached skill level 11 in Unarmed Combat
  9079 | D:10     | Found a staircase to the Lair.
  9130 | D:10     | Noticed a two-headed ogre
  9137 | D:10     | Killed a two-headed ogre
  9146 | D:10     | Reached XP level 11. HP: 101/101 MP: 10/10
  9222 | D:10     | Noticed Snorg
  9397 | D:10     | Killed Snorg
  9699 | D:11     | Noticed a tengu warrior
  9709 | D:11     | Killed a tengu warrior
  9753 | D:11     | Reached skill level 1 in Shields
  9757 | D:11     | Reached skill level 10 in Throwing
  9904 | D:11     | Reached skill level 1 in Armour
 10032 | D:11     | Noticed a skeletal warrior
 10033 | D:11     | Noticed a skeletal warrior
 10067 | D:11     | Killed a skeletal warrior
 10070 | D:11     | Killed a skeletal warrior
 10332 | D:11     | Noticed a skeletal warrior
 10333 | D:11     | Noticed a skeletal warrior
 10374 | D:11     | Killed a skeletal warrior
 10573 | D:11     | Found a portal to a secret trove of treasure.
 10576 | D:11     | Reached skill level 12 in Unarmed Combat
 10697 | D:11     | Noticed a white ugly thing
 10724 | D:11     | Noticed a two-headed ogre
 10738 | D:11     | Killed a white ugly thing
 10744 | D:11     | Killed a two-headed ogre
 10846 | D:11     | Killed a skeletal warrior
 11046 | D:12     | Noticed a red ugly thing
 11046 | D:12     | Noticed a death knight
 11046 | D:12     | Noticed a skeletal warrior
 11055 | D:12     | Killed a red ugly thing
 11059 | D:12     | Killed a death knight
 11059 | D:12     | Reached XP level 12. HP: 52/109 MP: 11/11
 11068 | D:12     | HP: 6/163 [skeletal warrior/+0 short sword[a death knight]
                  | (13)]
 11068 | D:12     | Slain by a freezing wraith

Levels and vault maps discovered:
D:1:      dpeg_arrival_arbitrary_b, layout_basic
D:2:      layout_loops_ring, kennysheep_generic_room_9
D:3:      layout_basic, grunt_temple_overflow_open,
          chequers_temple_overflow_statue_of_worship
D:4:      layout_basic, trog_eyes_of_draining
D:5:      layout_gridville, temple_hall, first_ration, serial_shops,
          nicolae_shop_waterfront, uniq_sigmund
D:6:      layout_rooms, gammafunk_ghost_split
D:7:      layout_basic, amethyst_overflow_temple_binary, serial_shops, shop,
          nicolae_ossuary_entry_plus, grunt_livestock, uniq_duvessa
D:8:      layout_basic, regret_index_temple_of_mockery, lemuel_old_faithful
D:9:      layout_cave_pods, erik_orc_2
D:10:     layout_loops_cross, grunt_lair_entry_orc_guard_hut, uniq_snorg
D:11:     layout_basic, nicolae_trove_entry_path_of_doom, hex_large
D:12:     layout_basic, portal_ice_cave_entry_pillars_1, serial_shops,
          kennysheep_mini, uniq_erolcha, uniq_azrael
Temple:   hc_temple_tempest_star

Skill      XL: |  1  2  3  4  5  6  7  8  9 10 11 |
---------------+----------------------------------+-----
Throwing       | 1 2 3 5 6 7 9 10 | 10.6
Dodging        | 3 4 5 6 |  6.1
Unarmed Combat | 4 5 6 8 10 11 12 | 12.3
Fighting       | 3 4 |  4.9
Shields        | 3 |  3.4
Armour         | 3 |  3.1
Evocations     | |  0.2

Action                   |  1- 3 |  4- 6 |  7- 9 | 10-12 || total
-------------------------+-------+-------+-------+-------++-------
Melee: Unarmed           |    91 |    94 |   215 |   243 ||   643
       Punch             |     1 |     2 |     7 |    11 ||    21
Throw: Stone             |    76 |    87 |   194 |   120 ||   477
       Throwing net      |     1 |       |       |       ||     1
       Boomerang         |       |       |       |    67 ||    67
       Large rock        |       |       |       |    16 ||    16
       Javelin           |       |       |       |     3 ||     3
Invok: Berserk           |       |     3 |     4 |     9 ||    16
       Trog's Hand       |       |       |     1 |     1 ||     2
       Brothers in Arms  |       |       |       |     2 ||     2
Evoke: Wand              |       |       |       |     1 ||     1
  Use: Scroll            |     4 |       |     2 |     3 ||     9
       Potion            |       |       |     2 |       ||     2
 Stab: Sleeping          |     1 |       |     1 |     1 ||     3
  Eat: Chunk             |    17 |    19 |    35 |    36 ||   107
       Ration            |       |       |     1 |     1 ||     2
Armor: Animal skin       |    25 |     8 |    34 |    17 ||    84
       Skin              |       |       |     4 |       ||     4
       Troll leather arm |       |       |       |    27 ||    27
Dodge: Dodged            |    33 |    34 |    67 |   100 ||   234
